 Dungeon Crawl Stone Soup version 0.21.1-1-g345015f (webtiles) character file.

212 nightchill the Ruffian (level 5, -3/46 HPs)
             Began as a Ghoul Warper on June 14, 2018.
             Slain by a bullfrog (4 damage)
             ... in a sewer.
             The game lasted 00:10:09 (2521 turns).

nightchill the Ruffian (Ghoul Warper)               Turns: 2521, Time: 00:10:09

Health: -3/46      AC:  3    Str: 16    XL:     5   Next: 89%
Magic:  0/6        EV: 11    Int:  8    God:
Gold:   75         SH:  0    Dex:  8    Spells: 5/7 levels left

rFire    . . .     SeeInvis .     - Unarmed
rCold    + . .     Gourm    .   (no shield)
rNeg     + + +     Faith    .   a - +0 leather armour
rPois    ∞         Spirit   .   (no helmet)
rElec    .         Reflect  .   (no cloak)
rCorr    .         Harm     .   (no gloves)
MR       .....                  (no boots)
Stlth    +.........             (no amulet)
HPRegen  0.00/turn              (no ring)
MPRegen  0.10/turn              (no ring)

@: very slightly contaminated, rotting
A: rotting body, claws 1, carnivore, cold resistance 1, negative energy
resistance 3, inhibited regeneration, torment resistance, unbreathing
a: no special abilities


You were in a sewer.
You were not hungry.

You visited 1 branch of the dungeon, and saw 3 of its levels.
You also visited: Sewer.

You collected 75 gold pieces.

Inventory:

Hand Weapons
 b - a +0 hunting sling
Missiles
 d - 5 tomahawks of dispersal
 l - 67 stones
 n - 10 tomahawks (quivered)
Armour
 a - a +0 leather armour (worn)
 g - a +0 chain mail
Jewellery
 k - an uncursed amulet of harm {unknown}
 v - an uncursed ring of protection from magic {unknown}
Scrolls
 c - a scroll of blinking
 h - 2 scrolls of teleportation {unknown}
 j - 4 scrolls of identify {unknown}
 m - a scroll of enchant armour {unknown}
 q - a scroll of immolation {unknown}
 r - 4 scrolls of remove curse {unknown}
 s - a scroll of fear {unknown}
Potions
 e - a potion of brilliance {unknown}
 i - a potion of berserk rage {unknown}
 o - a potion of haste {unknown}
 p - a potion of lignification {unknown}
 u - a potion of curing
Books
 w - a book of Spatial Translocations

   Spells                             Type                      Level
   a - Blink                          Translocation                2
   b - Shroud of Golubria             Charms/Translocation         2
   c - Lesser Beckoning               Translocation                3
   d - Gell's Gravitas                Translocation                3
   e - Teleport Other                 Translocation                3
   f - Passage of Golubria            Translocation                4
Comestibles
 f - 9 rations
 t - 2 chunks of flesh


   Skills:
 + Level 4.0 Fighting
 - Level 0.8 Throwing
 - Level 0.8 Armour
 - Level 1.7 Dodging
 * Level 5.5 Unarmed Combat
 - Level 1.7 Spellcasting
 - Level 2.6 Translocations


You had 5 spell levels left.
You knew the following spells:

 Your Spells              Type           Power        Failure   Level  Hunger
a - Blink                 Tloc           N/A          22%         2    ###....


Dungeon Overview and Level Annotations

Branches:
Dungeon (3/15)

Altars:
Qazlal


Innate Abilities, Weirdness & Mutations

Your body is rotting away.
You thrive on raw meat.
You are immune to poison.
You have sharp fingernails.
You are carnivorous and can eat meat at any time.
Your flesh is cold resistant. (rC+)
You are immune to negative energy. (rN+++)
You do not regenerate when monsters are visible.
You are immune to unholy pain and torment.
You can survive without breathing.


Message History

The bullfrog hits you.
* * * LOW HITPOINT WARNING * * *
Casting: Blink
Confirm with . or Enter, or press ? or * to list all spells.
You miscast Blink.
You are very lightly contaminated with residual magic.
The air around you crackles with energy!
The bullfrog barely misses you. The bullfrog completely misses you.
The giant cockroach bites you but does no damage.
The bullfrog hits you.
* * * LOW HITPOINT WARNING * * *
Casting: Blink
Confirm with . or Enter, or press ? or * to list all spells.
You don't have enough magic to cast that spell.
You scratch the bullfrog.
The bullfrog is severely wounded.
The bullfrog closely misses you. The bullfrog hits you.
* * * LOW HITPOINT WARNING * * *
The bullfrog hits you.
You die...

#≈≈.≈###.≈.≈≈≈≈..§≈##≈≈#≈≈≈≈##
≈≈.≈##≈..≈≈#######†≈#.≈##≈≈≈≈#
≈≈≈##≈≈≈≈###≈≈≈≈≈#≈≈##.≈##≈≈.##
≈≈≈#≈≈≈≈##≈≈≈≈≈≈≈..≈≈#≈≈≈#≈.≈≈#
≈≈##≈.≈##≈≈.≈≈.≈..J≈≈#≈≈≈##≈≈≈##
≈≈#.≈≈≈# ≈≈≈≈≈.≈[≈≈≈≈#≈≈≈≈#.≈≈.#
≈.#≈≈≈≈# ≈≈≈≈≈.sJs.≈≈#≈.≈.#.≈.∩#
≈÷#≈.≈≈# ≈≈≈≈.$.FF≈≈≈#≈≈≈.#.≈≈.#
≈.##≈.≈##≈≈≈≈≈≈s@l.≈##≈≈≈##≈≈≈##
≈≈≈#≈≈≈≈##≈≈≈≈≈≈≈≈≈##%...#≈≈≈≈#
≈≈.##≈≈≈≈###≈≈≈≈≈###≈≈≈≈##.≈≈##
≈≈≈≈##≈≈≈≈≈#######≈≈≈≈≈##≈≈..#
#≈≈≈.###≈≈≈≈≈≈.≈.≈.≈≈###≈.≈.##
##≈≈≈≈.####≈.≈≈≈≈≈####≈≈≈≈≈##
##.≈≈≈≈≈≈#########≈≈≈.≈..##
####≈≈≈.≈≈≈.≈≈≈≈≈≈≈≈≈####
####≈≈≈≈≈≈≈.≈≈≈####


You could see 2 bullfrogs, 2 oozes, 3 giant cockroaches and a frilled lizard.

Vanquished Creatures
  6 adders
  13 oozes (Sewer)
  2 worms (D:2)
  6 leopard geckos
  10 ball pythons
  4 bats
  11 giant cockroaches
  5 goblins
  5 hobgoblins
  9 jackals
  A quokka (D:2)
  13 frilled lizards
  A kobold (D:2)
  5 rats
91 creatures vanquished.

Notes
Turn   | Place    | Note
-------+----------+-------------------------------------------
     0 | D:1      | nightchill the Ghoul Warper began the quest for the Orb.
     0 | D:1      | Reached XP level 1. HP: 17/17 MP: 2/2
   148 | D:1      | Reached XP level 2. HP: 5/24 MP: 3/3
   159 | D:1      | HP: 1/24 [goblin/club (3)]
   211 | D:1      | Reached skill level 3 in Unarmed Combat
   364 | D:1      | Learned a level 2 spell: Blink
   914 | D:2      | Reached XP level 3. HP: 22/30 MP: 4/4
  1273 | D:2      | Reached XP level 4. HP: 28/38 MP: 5/5
  1317 | D:2      | Reached skill level 4 in Unarmed Combat
  1768 | D:3      | Found a glowing drain.
  1785 | D:3      | Found a stormy altar of Qazlal.
  1851 | Sewer    | Entered a sewer
  1917 | Sewer    | Reached XP level 5. HP: 29/45 MP: 6/6
  2015 | Sewer    | Reached skill level 5 in Unarmed Combat
  2515 | Sewer    | HP: 1/46 [bullfrog (5)]
  2521 | Sewer    | HP: 1/46 [bullfrog (4)]
  2521 | Sewer    | Slain by a bullfrog

Skill      XL: |  1  2  3  4  5 |
---------------+----------------+-----
Unarmed Combat | 3 4 5 |  5.5
Fighting       | 3 4 |  4.0
Throwing       | |  0.8
Armour         | |  0.8
Dodging        | |  1.7
Spellcasting   | |  1.7
Translocations | |  2.6

Action                   |  1- 3 |  4- 6 || total
-------------------------+-------+-------++-------
Melee: Unarmed           |    83 |   209 ||   292
       Punch             |     3 |     3 ||     6
 Fire: Hunting sling     |       |     1 ||     1
 Cast: Blink             |       |     2 ||     2
  Use: Potion            |       |     1 ||     1
  Eat: Chunk             |    22 |    29 ||    51
Armor: Leather armour    |    17 |    50 ||    67
Dodge: Dodged            |    41 |   143 ||   184
